MLB
NEW YORK METS @ PHILADELPHIA PHILLIES
09/17/2099
 
TOP OF THE 1ST
New York Mets batting - Pitching for Philadelphia Phillies : RHP Dave Quiram
Pitching: RHP Dave Quiram
Batting: RHB Jose de la Rosa 0-0: Ground out 6-3 (Groundball, 6, EV 89.4 MPH)
Batting: RHB Jeff Hestermann 0-0: Ball
1-0: Foul Ball, location: 2F
1-1: Ball
2-1: Ball
3-1: Base on Balls
Batting: LHB Omar Gomez 0-0: Called Strike
0-1: Ball
1-1: Ball
2-1: Grounds into double play, 4-6-3 (Groundball, 4MD, EV 99.4 MPH)
Top of the 1st over - 0 runs, 0 hits, 0 errors, 0 left on base; New York 0 - Philadelphia 0
BOTTOM OF THE 1ST
Philadelphia Phillies batting - Pitching for New York Mets : RHP Luis Manzano
Pitching: RHP Luis Manzano
Batting: RHB Ryan Klepper 0-0: Called Strike
0-1: Ball
1-1: Foul Ball, location: 2F
1-2: Foul Ball, location: 5F
1-2: Strikes out swinging
Batting: SHB Tim Spotton 0-0: Fly out, F9 (Flyball, 89M, EV 76.3 MPH)
Batting: RHB David Schafer 0-0: Swinging Strike
0-1: Called Strike
0-2: Fly out, F8 (Flyball, 8RD, EV 99.4 MPH)
Bottom of the 1st over - 0 runs, 0 hits, 0 errors, 0 left on base; New York 0 - Philadelphia 0
TOP OF THE 2ND
New York Mets batting - Pitching for Philadelphia Phillies : RHP Dave Quiram
Batting: LHB Bill Hayden 0-0: Called Strike
0-1: Ball
1-1: Fly out, F7 (Flyball, 7, EV 90.6 MPH)
Batting: RHB Omar Munoz 0-0: Called Strike
0-1: Fly out, F9 (Line Drive, 9LS, EV 88.8 MPH)
Batting: RHB Danny Butzlaff 0-0: Ball
1-0: Called Strike
1-1: Ground out U3 (Groundball, 34S, EV 78.8 MPH)
Top of the 2nd over - 0 runs, 0 hits, 0 errors, 0 left on base; New York 0 - Philadelphia 0
BOTTOM OF THE 2ND
Philadelphia Phillies batting - Pitching for New York Mets : RHP Luis Manzano
Batting: SHB Pete Ray 0-0: DOUBLE (Flyball, 8RXD, EV 103.1 MPH)
Batting: RHB Norge Carlos Hernandez 0-0: Ball
1-0: Called Strike
1-1: Foul Ball, location: 2F
1-2: Strikes out swinging
Batting: LHB Yazid Deacon 0-0: Ball
1-0: Ball
2-0: Fly out, F7 (Flyball, 78S, EV 90.0 MPH)
Batting: RHB Jason Waid 0-0: SINGLE (Groundball, 56S, EV 68.8 MPH) (infield hit)
Pete Ray to third
Batting: SHB Rob Brady 0-0: Called Strike
0-1: Ball
1-1: Foul Ball, location: 2F
1-2: Ball
2-2: DOUBLE (Line Drive, 78XD, EV 103.1 MPH)
Pete Ray scores
Jason Waid to third
Batting: RHB Josh Hester 0-0: Ground out 6-3 (Groundball, 6, EV 66.3 MPH)
Bottom of the 2nd over - 1 run, 3 hits, 0 errors, 2 left on base; New York 0 - Philadelphia 1
TOP OF THE 3RD
New York Mets batting - Pitching for Philadelphia Phillies : RHP Dave Quiram
Batting: LHB Jason Nielsen 0-0: Called Strike
0-1: Ground out U3 (Groundball, 3S, EV 73.1 MPH)
Batting: LHB Tyler Brown 0-0: Ball
1-0: Called Strike
1-1: Bunt - Flyout to 5S! F5
Batting: RHB Tim Kingsley 0-0: Ball
1-0: Ball
2-0: Foul Ball, location: 2F
2-1: Ball
3-1: Swinging Strike
3-2: Strikes out swinging
Top of the 3rd over - 0 runs, 0 hits, 0 errors, 0 left on base; New York 0 - Philadelphia 1
BOTTOM OF THE 3RD
Philadelphia Phillies batting - Pitching for New York Mets : RHP Luis Manzano
Batting: RHB Ryan Klepper 0-0: Ball
1-0: Foul Ball, location: 2F
1-1: Swinging Strike
1-2: Strikes out swinging
Batting: SHB Tim Spotton 0-0: Called Strike
0-1: Foul Ball, location: 7LDF
0-2: Ball
1-2: Strikes out looking
Batting: RHB David Schafer 0-0: Called Strike
0-1: Ball
1-1: Foul Ball, location: 23F
1-2: Reached on error, E6 (Groundball, 6, EV 84.4 MPH)
Batting: SHB Pete Ray 0-0: Swinging Strike
0-1: Fly out, F7 (Flyball, 78S, EV 91.3 MPH)
Bottom of the 3rd over - 0 runs, 0 hits, 1 error, 1 left on base; New York 0 - Philadelphia 1
TOP OF THE 4TH
New York Mets batting - Pitching for Philadelphia Phillies : RHP Dave Quiram
Batting: RHB Jose de la Rosa 0-0: Ball
1-0: Ball
2-0: Called Strike
2-1: Called Strike
2-2: Foul Ball, location: 2F
2-2: Ball
3-2: Foul Ball, location: 2F
3-2: Hit by Pitch
Pitching: RHP Erik Roth
Batting: RHB Jeff Hestermann 0-0: Ball
1-0: Ball
2-0: Foul Ball, location: 23F
2-1: Called Strike
2-2: Fly out, F9 (Flyball, 9, EV 93.1 MPH)
Batting: LHB Omar Gomez 0-0: Ball
Jose de la Rosa steals 2nd base
1-0: Ball
Jose de la Rosa steals 3rd base
2-0: Foul Ball, location: 7LSF
2-1: Foul Ball, location: 2F
2-2: Strikes out looking
Batting: LHB Bill Hayden 0-0: Called Strike
0-1: Ball
1-1: Called Strike
1-2: SINGLE (Line Drive, 8RS, EV 102.5 MPH)
Jose de la Rosa scores
Batting: RHB Omar Munoz 0-0: Ball
1-0: Ball
2-0: Fly out, F9 (Flyball, 9S, EV 89.4 MPH)
Top of the 4th over - 1 run, 1 hit, 0 errors, 1 left on base; New York 1 - Philadelphia 1
BOTTOM OF THE 4TH
Philadelphia Phillies batting - Pitching for New York Mets : RHP Luis Manzano
Batting: RHB Norge Carlos Hernandez 0-0: Called Strike
0-1: Fly out, F7 (Flyball, 7S, EV 91.9 MPH)
Batting: LHB Yazid Deacon 0-0: Foul Ball, location: 5F
0-1: Called Strike
0-2: Ball
1-2: Ball
2-2: SINGLE (Line Drive, 34, EV 96.3 MPH)
Batting: RHB Jason Waid 0-0: Called Strike
0-1: Ball
1-1: Swinging Strike
1-2: Ball
2-2: Fly out, F3 (Popup, 3S, EV 86.3 MPH)
Batting: SHB Rob Brady 0-0: Ball
1-0: Called Strike
1-1: DOUBLE (Line Drive, 9LS, EV 108.8 MPH)
Yazid Deacon to third
Batting: RHB Josh Hester 0-0: Foul Ball, location: 2F
0-1: SINGLE (Line Drive, 9LS, EV 88.1 MPH)
Yazid Deacon scores
Rob Brady to third
Runner from 3rd tries for Home, SAFE, throw by RF to home
Batting: RHB Ryan Klepper 0-0: Called Strike
0-1: Swinging Strike
0-2: Foul Ball, location: 25F
0-2: Strikes out swinging
Bottom of the 4th over - 2 runs, 3 hits, 0 errors, 1 left on base; New York 1 - Philadelphia 3
TOP OF THE 5TH
New York Mets batting - Pitching for Philadelphia Phillies : RHP Erik Roth
Batting: RHB Danny Butzlaff 0-0: Swinging Strike
0-1: Ball
1-1: Ground out 5-3 (Groundball, 56, EV 110.6 MPH)
Batting: LHB Jason Nielsen 0-0: Foul Ball, location: 3F
0-1: Swinging Strike
0-2: Ball
1-2: Fly out, F5 (Popup, 6S, EV 76.9 MPH)
Batting: LHB Tyler Brown 0-0: Fly out, F9 (Line Drive, 9D, EV 96.9 MPH)
Top of the 5th over - 0 runs, 0 hits, 0 errors, 0 left on base; New York 1 - Philadelphia 3
BOTTOM OF THE 5TH
Philadelphia Phillies batting - Pitching for New York Mets : RHP Luis Manzano
Batting: SHB Tim Spotton 0-0: Foul Ball, location: 2F
0-1: Foul Ball, location: 5DF
0-2: Strikes out swinging
Batting: RHB David Schafer 0-0: Called Strike
0-1: Ball
1-1: Swinging Strike
1-2: Fly out, F8 (Flyball, 8LD, EV 105.0 MPH)
Batting: SHB Pete Ray 0-0: Called Strike
0-1: Called Strike
0-2: Ball
1-2: Foul Ball, location: 7LMF
1-2: Ball
2-2: Ball
3-2: Foul Ball, location: 25F
3-2: Foul Ball, location: 7LDF
3-2: DOUBLE (Groundball, 3L, EV 103.8 MPH)
Batting: RHB Norge Carlos Hernandez 0-0: Ball
1-0: Called Strike
1-1: Ball
2-1: Ground out 6-3 (Groundball, 6, EV 83.1 MPH)
Bottom of the 5th over - 0 runs, 1 hit, 0 errors, 1 left on base; New York 1 - Philadelphia 3
TOP OF THE 6TH
New York Mets batting - Pitching for Philadelphia Phillies : RHP Erik Roth
Batting: RHB Tim Kingsley 0-0: Ball
1-0: Called Strike
1-1: Foul Ball, location: 9LDF
1-2: Foul Ball, location: 2F
1-2: Ball
2-2: Fly out, F8 (Flyball, 8LD, EV 96.3 MPH)
Batting: RHB Jose de la Rosa 0-0: Ball
1-0: Foul Ball, location: 9LSF
1-1: Ball
2-1: Fly out, F2 (Popup, 3SF, EV 82.5 MPH)
Batting: RHB Jeff Hestermann 0-0: Called Strike
0-1: Ball
1-1: Called Strike
1-2: Foul Ball, location: 3SF
1-2: Foul Ball, location: 2F
1-2: Ball
2-2: Ball
3-2: Fly out, F9 (Flyball, 9LD, EV 91.9 MPH)
Top of the 6th over - 0 runs, 0 hits, 0 errors, 0 left on base; New York 1 - Philadelphia 3
BOTTOM OF THE 6TH
Philadelphia Phillies batting - Pitching for New York Mets : RHP Luis Manzano
Pitching: RHP Santiago Rodriguez
Batting: LHB Yazid Deacon 0-0: Ball
1-0: Ball
2-0: Swinging Strike
2-1: Called Strike
2-2: Strikes out looking
Batting: RHB Jason Waid 0-0: Foul Ball, location: 9LSF
0-1: Fly out, F6 (Popup, 6, EV 65.6 MPH)
Batting: SHB Rob Brady 0-0: Swinging Strike
0-1: Ball
1-1: Ball
2-1: SINGLE (Line Drive, 89S, EV 106.9 MPH)
Batting: RHB Josh Hester 0-0: Foul Ball, location: 2F
0-1: Swinging Strike
0-2: Foul Ball, location: 2F
0-2: Strikes out swinging
Bottom of the 6th over - 0 runs, 1 hit, 0 errors, 1 left on base; New York 1 - Philadelphia 3
TOP OF THE 7TH
New York Mets batting - Pitching for Philadelphia Phillies : RHP Erik Roth
Pitching: RHP David Padron
Batting: LHB Omar Gomez 0-0: Ball
1-0: Ball
2-0: Fly out, F5 (Popup, 56, EV 73.1 MPH)
Batting: LHB Bill Hayden 0-0: Ball
1-0: Ball
2-0: Fly out, F5 (Popup, 56, EV 58.1 MPH)
Batting: RHB Omar Munoz 0-0: Called Strike
0-1: Foul Ball, location: 2F
0-2: Ball
1-2: Strikes out swinging
Top of the 7th over - 0 runs, 0 hits, 0 errors, 0 left on base; New York 1 - Philadelphia 3
BOTTOM OF THE 7TH
Philadelphia Phillies batting - Pitching for New York Mets : RHP Santiago Rodriguez
Batting: RHB Ryan Klepper 0-0: Foul Ball, location: 2F
0-1: Foul Ball, location: 9LDF
0-2: Ball
1-2: Strikes out looking
Batting: SHB Tim Spotton 0-0: SINGLE (Groundball, 13S, EV 67.5 MPH) (infield hit)
Batting: RHB David Schafer 0-0: Called Strike
0-1: Ball
1-1: Fly out, F3 (Popup, 3S, EV 58.1 MPH)
Batting: SHB Pete Ray 0-0: Foul Ball, location: 7LSF
0-1: Ball
Tim Spotton steals 2nd base
1-1: 2-RUN HOME RUN (Flyball, 9LD, EV 96.3 MPH), Distance : 353 ft
Batting: RHB Norge Carlos Hernandez 0-0: Ball
1-0: Ball
2-0: Ball
3-0: Base on Balls
Batting: LHB Yazid Deacon 0-0: SINGLE (Groundball, 23, EV 71.3 MPH) (infield hit)
Norge Carlos Hernandez to second
Batting: RHB Jason Waid 0-0: Called Strike
0-1: Swinging Strike
0-2: Strikes out swinging
Bottom of the 7th over - 2 runs, 3 hits, 0 errors, 2 left on base; New York 1 - Philadelphia 5
TOP OF THE 8TH
New York Mets batting - Pitching for Philadelphia Phillies : RHP David Padron
Batting: RHB Danny Butzlaff 0-0: Fly out, F8 (Line Drive, 8RM, EV 86.9 MPH)
Batting: LHB Jason Nielsen 0-0: SOLO HOME RUN (Flyball, 9D, EV 95.6 MPH), Distance : 365 ft
Batting: LHB Tyler Brown 0-0: Ball
1-0: Foul Ball, location: 2F
1-1: Called Strike
1-2: Ground out U3 (Groundball, 3, EV 80.0 MPH)
Batting: RHB Tim Kingsley 0-0: Ball
1-0: Ball
2-0: Swinging Strike
2-1: Ball
3-1: Foul Ball, location: 2F
3-2: Foul Ball, location: 2F
3-2: Foul Ball, location: 5SF
3-2: Foul Ball, location: 3SF
3-2: Strikes out swinging
Top of the 8th over - 1 run, 1 hit, 0 errors, 0 left on base; New York 2 - Philadelphia 5
BOTTOM OF THE 8TH
Philadelphia Phillies batting - Pitching for New York Mets : RHP Santiago Rodriguez
Pitching: RHP Paul Pickel
Batting: SHB Rob Brady 0-0: Called Strike
0-1: Ball
1-1: Ball
2-1: Fly out, F4 (Popup, 4MD, EV 58.1 MPH)
Batting: RHB Josh Hester 0-0: Foul Ball, location: 3DF
0-1: SINGLE (Line Drive, 6MD, EV 97.5 MPH)
Batting: RHB Ryan Klepper 0-0: Ball
1-0: Foul Ball, location: 2F
1-1: Ball
2-1: Ball
3-1: Base on Balls
Josh Hester to second
Batting: SHB Tim Spotton 0-0: Ball
1-0: Foul Ball, location: 2F
1-1: Ball
2-1: Reached on error, E6 (Groundball, 6M, EV 101.9 MPH)
Josh Hester to third
Ryan Klepper to second
Batting: RHB David Schafer 0-0: Foul Ball, location: 9LMF
0-1: Ball
1-1: Called Strike
1-2: Foul Ball, location: 2F
1-2: Ball
2-2: Fly out, F2 (Popup, 23F, EV 87.5 MPH)
Batting: SHB Pete Ray 0-0: Ball
1-0: Fly out, F7 (Flyball, 7LM, EV 90.0 MPH)
Bottom of the 8th over - 0 runs, 1 hit, 1 error, 3 left on base; New York 2 - Philadelphia 5
TOP OF THE 9TH
New York Mets batting - Pitching for Philadelphia Phillies : RHP David Padron
Pitching: LHP Eric House
Batting: RHB Jose de la Rosa 0-0: Ball
1-0: SINGLE (Line Drive, 56D, EV 100.0 MPH)
Batting: RHB Jeff Hestermann 0-0: Grounds into double play, 6-4-3 (Groundball, 6, EV 101.9 MPH)
Pinch Hitting: RHB Mike Sigal 0-0: Foul Ball, location: 9LDF
0-1: Called Strike
0-2: Ball
1-2: Strikes out swinging, 2-3 out at first.
Top of the 9th over - 0 runs, 1 hit, 0 errors, 0 left on base; New York 2 - Philadelphia 5
Tuesday, May 14th , 2024 - OOTP Baseball 24.11 Build 85